 Dungeon Crawl Stone Soup version 0.28.0-1-gb440e238dd (webtiles) character file.

Game seed: 9431087350600587799

2117 Morbidden the Chopper (level 9, 0/102 HPs)
             Began as a Demonspawn Fighter on Feb 20, 2022.
             Was a Follower of Cheibriados.
             Succumbed to a killer bee's poison
             ... on level 7 of the Dungeon.
             The game lasted 00:10:04 (9319 turns).

Morbidden the Chopper (Demonspawn Fighter)          Turns: 9319, Time: 00:10:05

Health: 0/102      AC: 24    Str: 23    XL:     9   Next: 8%
Magic:  1/13       EV:  2    Int: 16    God:    Cheibriados [*.....]
Gold:   352        SH:  9    Dex: 15    Spells: 13/14 levels left

rFire   + . .      SeeInvis .   y - +2 flail (freeze)
rCold   + . .      Faith    .   h - +0 kite shield
rNeg    . . .      Spirit   +   (armour currently unavailable)
rPois   +          Reflect  .   (helmet currently unavailable)
rElec   +          Harm     .   (cloak currently unavailable)
rCorr   +          Rampage  .   (gloves unavailable)
Will    .....      NoTele   +   (boots currently unavailable)
Stlth   ++........              (no amulet)
HPRegen 0.27/turn               o - ring of wizardry
MPRegen 0.26/turn               (no ring)

@: lethally poisoned (0 -> -2), tree-form, resistant, very slow
A: stationary, stasis, torment immunity, boosted hp, (claws 3), powered by death
1, magic shield, magic regeneration, big brain 1
a: Renounce Religion, Bend Time


You were on level 7 of the Dungeon.
You worshipped Cheibriados.
Cheibriados was aware of your devotion.
You were a tree.
You visited 2 branches of the dungeon, and saw 8 of its levels.

You collected 352 gold pieces.

Inventory:

Hand Weapons
 a - a +0 war axe
 y - a +2 flail of freezing (weapon)
Armour
 h - a +0 kite shield (worn)
 u - a +0 chain mail (melded)
Jewellery
 o - a ring of wizardry (left branch)
Wands
 d - a wand of paralysis (3)
 f - a wand of digging (5)
 t - a wand of polymorph (8)
 z - a wand of mindburst (12)
Scrolls
 c - 6 scrolls of identify
 g - a scroll of magic mapping {unknown}
 i - a scroll of acquirement {unknown}
 k - a scroll of vulnerability {unknown}
 l - a scroll of silence {unknown}
 q - a scroll of brand weapon {unknown}
 r - a scroll of fog {unknown}
 v - a scroll of fear {unknown}
 w - a scroll of enchant weapon {unknown}
Potions
 j - 3 potions of degeneration
 n - a potion of attraction


   Skills:
 * Level 5.1 Fighting
 * Level 5.7 Axes
 + Level 0.2(3.5) Maces & Flails
 + Level 0.3 Throwing
 + Level 4.6 Armour
 * Level 2.9 Dodging
 + Level 1.3 Stealth
 + Level 3.6 Shields
 * Level 2.7 Unarmed Combat
 * Level 3.2 Spellcasting
 * Level 1.7 Conjurations
 * Level 1.9 Air Magic
 * Level 3.7 Invocations
 + Level 0.2 Evocations


You had 13 spell levels left.
You knew the following spells:

 Your Spells              Type           Power      Damage    Failure   Level
a - Shock                 Conj/Air       32%        1d5       11%         1

Your spell library contained the following spells:

 Spells                   Type           Power      Damage    Failure   Level
 Sandblast                Erth           4%         2d4       22%         1
 Summon Small Mammal      Summ           8%         N/A       22%         1
 Swiftness                Air            8%         N/A       28%         3
 Passwall                 Tmut/Erth      1%         N/A       32%         2
 Mephitic Cloud           Conj/Pois/Air  6%         N/A       36%         3
 Stone Arrow              Conj/Erth      10%        3d7       41%         3
 Call Canine Familiar     Summ           2%         N/A       52%         3
 Ignite Poison            Fire/Tmut/Pois 2%         N/A       52%         3
 Summon Guardian Golem    Hex/Summ       2%         N/A       52%         3
 Airstrike                Air            4%         N/A       65%         4
 Freezing Cloud           Conj/Ice/Air   3%         6-21      97%         5


Dungeon Overview and Level Annotations

Branches:
Dungeon (7/15)             Temple (1/1) D:4

Altars:
Ashenzari
Cheibriados
Dithmenos
Elyvilon
Fedhas
Makhleb
Okawaru
Qazlal
Ru
Sif Muna
Trog
Uskayaw
Vehumet
Xom
Yredelemnul
Zin

Shops:
D:1 !   D:5 (

Annotations:
D:3 2 runed translucent doors, Ablot's ghost, amateur GnWr
D:6 Sigmund


Innate Abilities, Weirdness & Mutations

You are a tree.
Your roots penetrate the ground, keeping you stationary.
You cannot be teleported.
You are immune to unholy pain and torment.
Your maximum health is greatly increased.
Your equipment is partially melded.
((You have claws for hands.))
You regenerate a little health from kills.
When hurt, damage is shared between your health and your magic reserves.
You regenerate magic rapidly.
You have an unusually large brain. (Int +2)


Message History

* * * LOW HITPOINT WARNING * * *
You are poisoned.
The killer bee poisons you!
Unknown command.
It was a potion of resistance.
You feel protected.
You feel sick.
The killer bee buzzes angrily.
You block the killer bee's attack.
A killer bee comes into view.
The killer bee stings you but does no damage. x2
The killer bee barely misses you. The sky beast closely misses you.
It was a potion of lignification.
You turn into a tree.
Your +0 chain mail melds into your body.
Your roots penetrate the ground.
You feel sick. The killer bee stings you.
* * * LOW HITPOINT WARNING * * *
The killer bee stings you!
* * * LOW HITPOINT WARNING * * *
You block the killer bee's attack.
The sky beast hits you but does no damage.
The killer bee stings you.
* * * LOW HITPOINT WARNING * * *
Unknown command.
Unknown command.
It was a potion of flight.
Your roots keep you in place.
* * * LOW HITPOINT WARNING * * *
You feel sick. You block the killer bee's attack.
The killer bee stings you but does no damage. x2
The sky beast hits you but does no damage.
The killer bee stings you but does no damage.
Unknown command.
You miss the killer bee.
You feel sick.
The killer bee stings you but does no damage. x6
You block the killer bee's attack.
The sky beast hits you but does no damage.
The killer bee stings you.
* * * LOW HITPOINT WARNING * * *
Unknown command.
You closely miss the killer bee.
You die...

# #.......#
..#.......#
####.#>......#
.....y......#
#..#......
#......


#yYy# #y♣# ##..# ####..## #.....# #.##<## # #(# ..# #.## .. You could see a sky
beast and 4 killer bees.

Vanquished Creatures
  Edmund (D:6)
  An ice beast (D:6)
  An orc warrior (D:6)
  A black bear (D:4)
  4 ogres
  A necrophage (D:5)
  A phantom (D:5)
  Blork the orc (D:5)
  A kobold brigand (D:7)
  2 scorpions (D:6)
  5 wights
  A centaur zombie (D:5)
  3 hounds
  3 orc priests
  A bullfrog skeleton (D:4)
  2 iguanas
  A scorpion zombie (D:5)
  3 orc wizards
  Natasha (thrice) (D:4)
  2 hound skeletons
  4 gnolls (D:4)
  11 adders
  3 white imps
  A worm (D:2)
  2 dart slugs
  7 orcs
  9 ball pythons
  10 endoplasms
  2 giant cockroaches
  7 goblins
  10 hobgoblins
  13 jackals
  5 quokkas
  6 bats
  2 frilled lizards
  9 kobolds
  A rat (D:1)
140 creatures vanquished.

Vanquished Creatures (others)
  An orc wizard (D:3)
  3 plants (D:6)
4 creatures vanquished.

Grand Total: 144 creatures vanquished

Notes
Turn   | Place    | Note
-------+----------+-------------------------------------------
     0 | D:1      | Morbidden the Demonspawn Fighter began the quest for the
                  | Orb.
     0 | D:1      | Reached XP level 1. HP: 18/18 MP: 1/1
   147 | D:1      | Found Hudeysos's Distillery.
   217 | D:1      | Found a faded altar of an unknown god.
   264 | D:1      | Gained mutation: You regenerate magic rapidly. [demonic
                  | ancestry]
   264 | D:1      | Reached XP level 2. HP: 22/24 MP: 2/2
   782 | D:1      | Gained mutation: You have an unusually large brain. (Int
                  | +2) [demonic ancestry]
   782 | D:1      | Reached XP level 3. HP: 29/29 MP: 3/3
  2200 | D:2      | Gained mutation: You have sharp fingernails. [demonic
                  | ancestry]
  2200 | D:2      | Reached XP level 4. HP: 35/35 MP: 3/5
  2569 | D:3      | Found a runed translucent door.
  2583 | D:3      | Reached skill level 1 in Dodging
  2701 | D:3      | Found a runed translucent door.
  2704 | D:3      | Noticed Ablot's ghost (amateur GnWr)
  2927 | D:3      | Reached skill level 1 in Spellcasting
  3038 | D:3      | Reached XP level 5. HP: 16/42 MP: 6/6
  3426 | D:3      | You fall into a shaft and drop 1 floor!
  3605 | D:4      | Gained mutation: You regenerate a little health from kills.
                  | [demonic ancestry]
  3605 | D:4      | Reached XP level 6. HP: 13/48 MP: 8/8
  4684 | D:4      | Noticed Natasha
  4691 | D:4      | Killed Natasha
  4746 | D:4      | Found a staircase to the Ecumenical Temple.
  4839 | Temple   | Entered the Ecumenical Temple
  4924 | Temple   | Became a worshipper of Cheibriados the Contemplative
  4968 | D:4      | Noticed Natasha
  4976 | D:4      | Killed Natasha
  5132 | D:4      | Noticed Natasha
  5139 | D:4      | Killed Natasha
  5284 | D:4      | Reached skill level 1 in Stealth
  5284 | D:4      | Gained mutation: You have very sharp fingernails. [demonic
                  | ancestry]
  5284 | D:4      | Reached XP level 7. HP: 40/54 MP: 10/10
  5533 | D:5      | Entered Level 5 of the Dungeon
  5650 | D:5      | Found Ungem's Weapon Emporium.
  5689 | D:5      | Reached skill level 1 in Invocations
  5930 | D:5      | Reached skill level 1 in Unarmed Combat
  6176 | D:5      | Found a blossoming altar of Fedhas.
  6240 | D:5      | Reached skill level 5 in Axes
  6360 | D:5      | Found a shimmering altar of Xom.
  6491 | D:5      | Noticed Blork the orc
  6509 | D:5      | Killed Blork the orc
  6616 | D:5      | Gained mutation: When hurt, damage is shared between your
                  | health and your magic reserves. [demonic ancestry]
  6616 | D:5      | Reached XP level 8. HP: 61/61 MP: 10/12
  7263 | D:6      | Learned a level 1 spell: Shock
  7307 | D:6      | Reached * piety under Cheibriados
  7310 | D:6      | Reached skill level 1 in Air Magic
  7325 | D:6      | Reached skill level 1 in Conjurations
  8823 | D:6      | Reached skill level 5 in Fighting
  9027 | D:6      | Noticed Edmund
  9027 | D:6      | Noticed Sigmund
  9041 | D:6      | Killed Edmund
  9042 | D:6      | Gained mutation: You have claws for hands. [demonic
                  | ancestry]
  9042 | D:6      | Reached XP level 9. HP: 20/68 MP: 4/13
  9316 | D:7      | HP: 5/102 [killer bee (3)]
  9318 | D:7      | HP: 1/102 [killer bee (3)]
  9319 | D:7      | Succumbed to a killer bee's poison

Illustrated notes

Levels and vault maps discovered:
D:1:      minmay_arrival_stair_chambers, layout_basic,
          ebering_ecumenical_altar_abandoned, serial_shops, nicolae_diamond_shop
D:2:      layout_basic, kennysheep_cross_room, st_stairs_12
D:3:      layout_loops_ring, ebering_ghost_sewer_f
D:4:      layout_gridville, minmay_temple_entry_fiery,
          kennysheep_generic_room_9, uniq_natasha
D:5:      layout_cave_pods, lemuel_round_altar,
          chequers_temple_overflow_statue_of_worship, serial_shops,
          nicolae_shop_bloodbath_and_beyond, uniq_blork_the_orc
D:6:      layout_loops_ring, glass_columns_a, sigmund_edmund_badplayer
D:7:      layout_rooms, nicolae_hepliaklqana_ecumenical_no_more
Temple:   dshaligram_water_room_temple

Skill      XL: |  1  2  3  4  5  6  7  8 |
---------------+-------------------------+-----
Axes           | 2 3 4 5 |  5.7
Armour         | 3 4 |  4.6
Dodging        | 1 2 |  2.9
Shields        | 3 |  3.6
Spellcasting   | 1 2 3 |  3.2
Fighting       | 4 5 |  5.1
Stealth        | 1 |  1.3
Invocations    | 2 3 |  3.7
Unarmed Combat | 1 2 |  2.7
Air Magic      | 1 |  1.9
Conjurations   | 1 |  1.7
Maces & Flails | |  0.2
Throwing       | |  0.3
Evocations     | |  0.2

Action                   |  1- 3 |  4- 6 |  7- 9 || total
-------------------------+-------+-------+-------++-------
Melee: War axe           |    98 |   190 |   173 ||   461
       Flail             |       |       |    44 ||    44
Throw: Throwing net      |       |     1 |     2 ||     3
Evoke: Wand              |       |     2 |     3 ||     5
  Use: Potion            |       |     3 |     8 ||    11
       Scroll            |       |       |     2 ||     2
 Stab: Paralysed         |       |     7 |     1 ||     8
Armor: Scale mail        |    48 |    90 |    42 ||   180
       Chain mail        |       |       |    47 ||    47
       Skin              |       |       |    12 ||    12
Dodge: Dodged            |    42 |    75 |    83 ||   200
Block: Buckler           |    10 |       |       ||    10
       Kite shield       |    23 |    96 |   107 ||   226
